 Dungeon Crawl Stone Soup version 0.22.1-2-g9c5b331 (webtiles) character file.

57507 Fang the Severer (level 14, -18/138 HPs)
             Began as a Gargoyle Berserker on Dec 6, 2018.
             Was a High Priest of Trog.
             Demolished by a skeletal warrior
             ... wielding a +0 scimitar
             ... led by a skeletal warrior
              (25 damage)
             ... on level 13 of the Dungeon on Dec 7, 2018.
             The game lasted 00:34:25 (20422 turns).

Fang the Severer (Gargoyle Berserker)              Turns: 20422, Time: 00:34:25

Health: -18/138    AC: 14    Str: 33    XL:     14   Next: 86%
Magic:  21/21      EV: 15    Int:  7    God:    Trog [*****.]
Gold:   634        SH:  3    Dex: 13    Spells: 13/13 levels left

rFire    + . .     SeeInvis .   v - +2 battleaxe of Starshine {drain, Fragile +Blink rN+ Stlth+}
rCold    + + +     Gourm    .   (shield currently unavailable)
rNeg     + + .     Faith    .   X - +0 robe of the Twenty Moons {rElec rC++ MP+9 Slay-4}
rPois    ∞         Spirit   .   (helmet restricted)
rElec    +         Reflect  +   (no cloak)
rCorr    .         Harm     .   (no gloves)
MR       .....     Clarity  +   (no boots)
Stlth    ..........             m - +3 amulet of reflection
HPRegen  0.33/turn              K - +1 ring of protection
MPRegen  0.17/turn              W - ring of Buots {rElec Str+3 Dex+4}

@: berserking, vulnerable, flying, very quick
A: big wings, horns 1, clarity, cold resistance 1, dopey 1, fire resistance 1,
low mp 1, negative energy resistance 1, electricity resistance, unbreathing,
petrification resistance, rot immunity, AC +10
a: Stop Flying, Berserk, Trog's Hand, Brothers in Arms, Renounce Religion, Evoke
Blink


You were on level 13 of the Dungeon.
You worshipped Trog.
Trog was extremely pleased with you.
You were hungry.

You visited 4 branches of the dungeon, and saw 21 of its levels.
You also visited: Labyrinth.

You collected 1033 gold pieces.
You spent 399 gold pieces at shops.

Inventory:

Hand Weapons
 p - a +2 war axe
 v - the +2 battleaxe of Starshine (weapon) {drain, Fragile +Blink rN+ Stlth+}
   (You found it on level 6 of the Lair of Beasts)

   A truly terrible weapon, it drains the life of those it strikes.
   It protects you from negative energy.
   It lets you blink.
   It will be destroyed if unequipped.
   It makes you more stealthy.
 x - a +4 antimagic executioner's axe
 C - a +1 war axe of venom
 D - the +7 broad axe "Caraymil" {protect, *Rage +Blink rF+ Dex+3}
   (You bought it in a shop on level 8 of the Dungeon)

   It protects the one who uses it against injury (+AC on strike).
   It affects your dexterity (+3).
   It protects you from fire.
   It lets you blink.
   It may make you go berserk in combat.
 G - a +4 battleaxe of chopping
 N - a +2 antimagic battleaxe
 Q - the +11 battleaxe of Heujish {freeze, Int+4}
   (You found it on level 3 of the Lair of Beasts)

   It has been specially enchanted to freeze those struck by it, causing extra
   injury to most foes and up to half again as much damage against particularly
   susceptible opponents.
   It can also slow down cold-blooded creatures.
   It affects your intelligence (+4).
Armour
 s - a +5 plate armour
 I - the +1 plate armour "Uluruc" {rElec Slay+3}
   (You found it on level 9 of the Dungeon)

   It affects your accuracy and damage with ranged weapons and melee attacks
   (+3).
   It insulates you from electricity.
 M - the +1 robe of Vlad {rCorr Int+4}
   (You found it in a labyrinth)

   It affects your intelligence (+4).
   It provides partial protection from all sources of acid and corrosion.
 V - the +1 chain mail of Josaim {rPois rN+++ MP+9 Str-2}
   (You found it on level 5 of the Lair of Beasts)

   It affects your strength (-2).
   It protects you from poison.
   It renders you almost immune to negative energy.
   It affects your magic capacity (+9).
 X - the +0 robe of the Twenty Moons (worn) {rElec rC++ MP+9 Slay-4}
   (You found it on level 6 of the Lair of Beasts)

   It affects your accuracy and damage with ranged weapons and melee attacks
   (-4).
   It greatly protects you from cold.
   It insulates you from electricity.
   It affects your magic capacity (+9).
Jewellery
 m - a +3 amulet of reflection (around neck)
 n - a +3 ring of intelligence
 t - an uncursed ring of protection from fire
 K - a +1 ring of protection (left hand)
 U - an uncursed ring of protection from magic
 W - the ring of Buots (right hand) {rElec Str+3 Dex+4}
   (You found it on level 6 of the Lair of Beasts)

   [ring of dexterity]

   It affects your strength (+3).
   It affects your dexterity (+4).
   It insulates you from electricity.
Wands
 a - a wand of flame (134)
 b - a wand of polymorph (15)
 i - a wand of enslavement (11)
 o - a wand of disintegration (22)
 q - a wand of paralysis (20)
 u - a wand of acid (27)
 A - a wand of clouds (10)
 E - a wand of digging (24)
 H - a wand of random effects (36)
 J - a wand of scattershot (8)
 O - a wand of iceblast (16)
Scrolls
 g - 5 scrolls of teleportation
 h - 4 scrolls of fear
 w - 4 scrolls of remove curse
 y - 4 scrolls of magic mapping
 B - 3 scrolls of identify
 F - 3 scrolls of fog
 T - a scroll of blinking
Potions
 d - a potion of berserk rage
 e - 2 potions of might
 f - a potion of invisibility
 j - 9 potions of curing
 k - 2 potions of resistance
 l - 7 potions of brilliance
 r - 2 potions of agility
 z - 4 potions of cancellation
 P - a potion of lignification {unknown}
Comestibles
 c - 37 rations
 R - a chunk of flesh


   Skills:
 + Level 12.8 Fighting
 + Level 17.3 Axes
 + Level 9.5 Armour
 + Level 6.0 Dodging
 + Level 5.3 Stealth


You had 13 spell levels left.
You didn't know any spells.
Your spell library was empty.

Dungeon Overview and Level Annotations

Branches:
Dungeon (13/15)            Temple (1/1) D:6            Lair (6/6) D:9
 Shoals (0/4) Lair:4        Snake (0/4) Lair:2        Slime (0/5) Lair:5
    Orc (1/2) D:11
 Vaults: D:13-14

Altars:
Ashenzari
Cheibriados
Gozag
Hepliaklqana
Makhleb
Nemelex Xobeh
Trog
Uskayaw
Vehumet
Wu Jian
Xom
Yredelemnul

Shops:
D:8 %(*(

Annotations:
Lair:3 3 runed doors, Yneekiho's ghost, journeyman MiBe
Lair:5 exclusion: oklob plant


Innate Abilities, Weirdness & Mutations

You are resistant to torment.
Your stone body is resilient. (AC +10)
You are immune to poison.
Your large and strong wings let you fly indefinitely.
You resist negative energy. (rN+)
You are resistant to electric shocks. (rElec)
You can survive without breathing.
You are immune to petrification.
You are immune to rotting.
You have a pair of small horns on your head.
You possess an exceptional clarity of mind.
Your flesh is cold resistant. (rC+)
You are dopey. (Int -2)
Your flesh is heat resistant. (rF+)
Your magical capacity is low. (-10% MP)


Message History

The skeletal warrior is severely damaged.
The skeletal warrior misses you.
Unknown command.
You slice the skeletal warrior!!
You destroy the skeletal warrior!
Trog accepts your kill.
Unknown command.
You closely miss the skeletal warrior.
Unknown command.
You barely miss the skeletal warrior. You headbutt the skeletal warrior.
The skeletal warrior is lightly damaged.
You block the skeletal warrior's attack.
Unknown command.
You slash the skeletal warrior!
The skeletal warrior is moderately damaged.
Unknown command.
You closely miss the skeletal warrior.
The skeletal warrior is moderately damaged.
The skeletal warrior hits you with a scimitar!!
You die...

#.....)........
##......).######
#.........#
#.........#
#.........#
##.........###
..........)...#
..............#
..}.....#@#....#
.....####z#..###
.... #z#..# ..
#.#..# ..#Z.#
..#..# ..#.W.
..%#


You could see 2 skeletal warriors.

Vanquished Creatures
  Harold (D:8)
  2 hydras
  2 catoblepae (Lair:4)
  A merfolk avatar (Lair:6)
  3 two-headed ogres
  The ghost of WhitewaterBastard the Slicer, a novice MiFi of Okawaru (D:10)
  A death yak (Lair:4)
  3 skeletal warriors (D:13)
  An ugly thing (D:11)
  2 manticores (Lair:6)
  4 black mambas
  4 merfolk sirens (Lair:4)
  The ghost of Chrysalice the Summoner, a novice TeSu of Sif Muna (D:9)
  2 gargoyles
  Joseph (D:8)
  Psyche (D:11)
  3 torpor snails (Lair:5)
  14 spiny frogs
  7 rime drakes
  6 komodo dragons
  A kobold demonologist (D:12)
  A tengu conjurer (D:13)
  A wind drake (Lair:6)
  A minotaur skeleton (Lab)
  8 polar bears
  5 trolls
  Grinder (D:5)
  A hornet (D:8)
  3 slime creatures (D:8)
  26 blink frogs
  4 dream sheep (Lair:6)
  5 hippogriffs
  A spriggan (D:7)
  3 shadows (Lab)
  A vampire (D:12)
  A redback (Lab)
  2 wyverns
  Grum (D:11)
  54 yaks
  4 basilisks
  3 hungry ghosts
  3 neqoxecs (D:10)
  4 nagas (Lair:2)
  4 porcupines
  15 water moccasins
  7 orc warriors
  4 sky beasts
  An ice beast (D:7)
  A hornet zombie (D:9)
  A phantom (D:8)
  An ogre (D:9)
  8 black bears
  A necrophage (D:10)
  7 wolves
  3 centaurs
  13 crocodiles
  A big kobold (D:11)
  13 bullfrogs
  A wyvern zombie (D:13)
  A gnoll sergeant (D:9)
  3 scorpions
  6 killer bees (D:12)
  6 wights
  5 howler monkeys
  6 crimson imps
  6 centaur zombies
  3 jellies
  3 quasits (D:10)
  An orc priest (D:12)
  6 hounds
  5 bullfrog skeletons
  14 orc wizards
  4 centaur skeletons
  Crazy Yiuf (D:7)
  3 iguanas
  9 worker ants
  A worker ant zombie (D:10)
  10 adders
  8 gnolls (D:9)
  2 shadow imps
  An ooze (D:7)
  An adder skeleton (D:4)
  3 worms
  A dart slug (D:1)
  9 leopard geckos
  36 orcs
  4 giant cockroaches
  3 goblins
  5 hobgoblins
  16 jackals
  3 quokkas
  A ball python (D:2)
  6 bats
  9 frilled lizards
  A jackal skeleton (D:9)
  A jackal zombie (D:7)
  10 kobolds
  A leopard gecko skeleton (D:5)
  A quokka zombie (D:9)
  13 rats
  A bush (Lair:2)
  4 fungi (Lair:6)
  9 plants
517 creatures vanquished.

Vanquished Creatures (collateral kills)
  A minotaur (Lab)
  3 hydras
  A sea snake (Lair:6)
  A spiny frog (Lair:6)
  A komodo dragon (Lair:6)
  4 yaks
  A wyvern (Lair:6)
  A water moccasin (Lair:6)
  A crocodile (Lair:6)
  A plant (Lair:6)
15 creatures vanquished.

Vanquished Creatures (others)
  9 fungi
  8 plants
17 creatures vanquished.

Grand Total: 549 creatures vanquished

Notes
Turn   | Place    | Note
-------+----------+-------------------------------------------
     0 | D:1      | Fang the Gargoyle Berserker began the quest for the Orb.
     0 | D:1      | Reached XP level 1. HP: 14/14 MP: 1/1
    78 | D:1      | Reached XP level 2. HP: 13/19 MP: 2/2
    80 | D:1      | Reached skill level 3 in Axes
   367 | D:1      | Reached ** piety under Trog
   424 | D:1      | Reached XP level 3. HP: 18/23 MP: 3/3
  1092 | D:2      | Found a basalt altar of Yredelemnul.
  1154 | D:2      | Found a bloodstained altar of Trog.
  1467 | D:2      | Noticed a dagger
  1475 | D:2      | Found a hide-covered altar of Uskayaw.
  1475 | D:2      | Noticed a hand axe
  1504 | D:2      | Found a sparkling altar of Nemelex Xobeh.
  1516 | D:2      | Found a shattered altar of Ashenzari.
  1519 | D:2      | Found an ornate altar of the Wu Jian Council.
  1841 | D:3      | Reached XP level 4. HP: 26/29 MP: 4/4
  1865 | D:3      | Reached skill level 4 in Axes
  1866 | D:3      | Reached XP level 5. HP: 17/33 MP: 5/5
  2728 | D:4      | Reached XP level 6. HP: 35/38 MP: 6/6
  2750 | D:4      | Reached *** piety under Trog
  2860 | D:4      | Reached skill level 1 in Stealth
  3154 | D:4      | Reached skill level 5 in Axes
  3293 | D:5      | Entered Level 5 of the Dungeon
  3299 | D:5      | Noticed Grinder
  3324 | D:5      | Killed Grinder
  3324 | D:5      | Reached XP level 7. HP: 30/44 MP: 7/7
  3572 | D:5      | Found a burning altar of Makhleb.
  3684 | D:5      | Reached skill level 6 in Axes
  4006 | D:5      | Reached skill level 5 in Fighting
  4332 | D:6      | Reached XP level 8. HP: 45/49 MP: 8/8
  4536 | D:6      | Found a radiant altar of Vehumet.
  4536 | D:6      | Found a staircase to the Ecumenical Temple.
  4600 | D:6      | Reached skill level 7 in Axes
  4875 | Temple   | Entered the Ecumenical Temple
  4935 | D:7      | Found a runed door.
  5037 | D:7      | Reached **** piety under Trog
  5059 | D:7      | Reached skill level 5 in Armour
  5433 | D:7      | Reached skill level 8 in Axes
  5580 | D:7      | Noticed a spriggan baker
  5607 | D:7      | Killed a spriggan baker
  5607 | D:7      | Reached XP level 9. HP: 48/55 MP: 9/9
  5715 | D:7      | Noticed Crazy Yiuf
  5721 | D:7      | Killed Crazy Yiuf
  5808 | D:8      | Noticed Harold
  5825 | D:8      | Killed Harold
  5825 | D:8      | Reached skill level 9 in Axes
  5904 | D:8      | Found Yrisemm's Antique Weapon Boutique.
  5912 | D:8      | Bought a brightly glowing broad axe for 279 gold pieces
  5912 | D:8      | Identified the +7 broad axe "Caraymil" {protect, *Rage
                  | +Blink rF+ Dex+3} (You bought it in a shop on level 8 of
                  | the Dungeon)
  5914 | D:8      | Found Hukoz's Weapon Shoppe.
  6238 | D:8      | Noticed Joseph
  6238 | D:8      | Noticed a hornet
  6250 | D:8      | Reached skill level 10 in Axes
  6252 | D:8      | Killed a hornet
  6253 | D:8      | Killed Joseph
  6253 | D:8      | Reached XP level 10. HP: 63/63 MP: 10/10
  6371 | D:8      | Found Souxosk's General Store.
  6374 | D:8      | Bought a potion of mutation for 120 gold pieces
  6374 | D:8      | Gained mutation: Your muscles are strong. (Str +2) [potion
                  | of mutation]
  6374 | D:8      | Gained mutation: You possess an exceptional clarity of
                  | mind. [potion of mutation]
  6374 | D:8      | Gained mutation: Your flesh is heat resistant. (rF+)
                  | [potion of mutation]
  6423 | D:8      | Found Kesaass's Food Shoppe.
  6555 | D:9      | Found a hazy altar of Hepliaklqana.
  6586 | D:9      | Noticed Chrysalice's ghost (novice TeSu)
  6593 | D:9      | Found a transporter.
  6614 | D:10     | Entered Level 10 of the Dungeon
  6647 | D:9      | Found an opulent altar of Gozag.
  6776 | D:9      | Found a staircase to the Lair.
  6781 | D:9      | Got a faintly humming plate armour
  6792 | D:9      | Identified the +1 plate armour "Uluruc" {rElec Slay+3} (You
                  | found it on level 9 of the Dungeon)
  6808 | D:9      | Reached skill level 11 in Axes
  6836 | D:9      | Found a transporter.
  6857 | D:9      | Reached ***** piety under Trog
  7158 | D:9      | Killed Chrysalice's ghost
  7348 | D:10     | Reached skill level 12 in Axes
  7348 | D:10     | Reached XP level 11. HP: 66/68 MP: 11/11
  7387 | D:10     | Noticed a two-headed ogre
  7392 | D:10     | Killed a two-headed ogre
  7474 | D:10     | Found a transporter.
  7474 | D:10     | Noticed WhitewaterBastard's ghost (novice MiFi)
  7601 | D:10     | Found a transporter.
  7809 | D:10     | Lost intelligence.
  7809 | D:10     | Gained mutation: You are dopey. (Int -2) [a neqoxec]
  7818 | D:10     | Killed WhitewaterBastard's ghost
  7818 | D:10     | Reached skill level 13 in Axes
  7823 | D:10     | Gained mutation: Your spells are a little easier to cast,
                  | but a little less powerful. [a neqoxec]
  8142 | D:11     | Found a labyrinth entrance.
  8178 | Lab      | Entered a labyrinth
  8625 | Lab      | Noticed a minotaur
  8628 | Lab      | Identified the Volume of the Neverending Spirits
  8640 | Lab      | Killed a minotaur
  8659 | Lab      | Got a shadowed robe
  8670 | Lab      | Identified the +1 robe of Vlad {rCorr Int+4} (You found it
                  | in a labyrinth)
  8909 | D:11     | Received a gift from Trog
  8995 | D:8      | Lost mutation: Your muscles are strong. (Str +2) [potion of
                  | mutation]
  8995 | D:8      | Lost mutation: Your spells are a little easier to cast, but
                  | a little less powerful. [potion of mutation]
  8995 | D:8      | Gained mutation: You have a pair of small horns on your
                  | head. [potion of mutation]
  8995 | D:8      | Gained mutation: Your large and strong wings let you fly
                  | indefinitely. [potion of mutation]
  8995 | D:8      | Gained mutation: Your magical capacity is low. (-10% MP)
                  | [potion of mutation]
  8995 | D:8      | Gained mutation: Your flesh is cold resistant. (rC+)
                  | [potion of mutation]
  9203 | D:11     | Noticed a brown ugly thing
  9213 | D:11     | Noticed Grum
  9214 | D:11     | Killed a brown ugly thing
  9214 | D:11     | Reached XP level 12. HP: 60/76 MP: 10/10
  9222 | D:11     | Killed Grum
  9239 | D:11     | Reached skill level 14 in Axes
  9269 | D:11     | Found a staircase to the Orcish Mines.
  9272 | D:11     | Noticed a two-headed ogre
  9282 | D:11     | Killed a two-headed ogre
  9353 | D:11     | Noticed Psyche
  9363 | D:11     | Killed Psyche
 10510 | Lair:1   | Entered Level 1 of the Lair of Beasts
 10830 | Lair:1   | Reached skill level 10 in Fighting
 11680 | Lair:1   | Received a gift from Trog
 12043 | Lair:2   | Found a staircase to the Snake Pit.
 12053 | Lair:2   | Reached skill level 15 in Axes
 12258 | Lair:2   | Noticed a seven-headed hydra
 12264 | Lair:2   | Killed a seven-headed hydra
 12271 | Lair:2   | Received a gift from Trog
 12408 | Lair:2   | Reached XP level 13. HP: 63/83 MP: 11/11
 13646 | Lair:3   | Noticed Yneekiho's ghost (journeyman MiBe)
 13647 | Lair:3   | Found a runed gate.
 13647 | Lair:3   | Found a runed gate.
 13647 | Lair:3   | Found a runed gate.
 13667 | Lair:3   | Got a slimy battleaxe
 13668 | Lair:3   | Identified the +11 battleaxe of Heujish {freeze, Int+4}
                  | (You found it on level 3 of the Lair of Beasts)
 13694 | Lair:3   | Reached skill level 5 in Dodging
 14345 | Lair:4   | Found a staircase to the Shoals.
 14358 | Lair:4   | Received a gift from Trog
 14742 | Lair:4   | Reached skill level 16 in Axes
 15210 | Lair:4   | Found a shattered altar of Ashenzari.
 16030 | Lair:5   | Found a snail-covered altar of Cheibriados.
 16197 | Lair:5   | Found a staircase to the Slime Pits.
 16245 | Lair:5   | Mutation became permanent: Your large and strong wings let
                  | you fly indefinitely. [Gargoyle growth]
 16245 | Lair:5   | Gained mutation: Your large and strong wings let you fly
                  | indefinitely. [Gargoyle growth]
 16245 | Lair:5   | Reached XP level 14. HP: 79/92 MP: 12/12
 16560 | Lair:5   | Got a pitted chain mail
 16571 | Lair:5   | Identified the cursed +1 chain mail of Josaim {rPois rN+++
                  | MP+9 Str-2} (You found it on level 5 of the Lair of Beasts)
 16787 | Lair:6   | Entered Level 6 of the Lair of Beasts
 17891 | Lair:6   | Reached skill level 17 in Axes
 17912 | Lair:6   | Received a gift from Trog
 18831 | Lair:6   | Got a brightly glowing lead ring
 18833 | Lair:6   | Got a wizard robe
 18844 | Lair:6   | Identified the cursed +0 robe of the Twenty Moons {rElec
                  | rC++ MP+9 Slay-4} (You found it on level 6 of the Lair of
                  | Beasts)
 18898 | Lair:6   | Identified the ring of Buots {rElec Str+3 Dex+4} (You found
                  | it on level 6 of the Lair of Beasts)
 19012 | Lair:6   | Got a bloodstained battleaxe
 19013 | Lair:6   | Identified the +2 battleaxe of Starshine {drain, Fragile
                  | +Blink rN+ Stlth+} (You found it on level 6 of the Lair of
                  | Beasts)
 19201 | Orc:1    | Entered Level 1 of the Orcish Mines
 19245 | D:12     | Found a shimmering altar of Xom.
 19328 | D:12     | Reached skill level 5 in Stealth
 19928 | D:12     | Found a bloodstained altar of Trog.
 20061 | D:12     | Found a bloodstained altar of Trog.
 20414 | D:13     | HP: 6/138 [skeletal warrior/war axe[a skeletal warrior]
                  | (4)]
 20422 | D:13     | Demolished by a skeletal warrior

Skill      XL: |  1  2  3  4  5  6  7  8  9 10 11 12 13 14 |
---------------+-------------------------------------------+-----
Axes           | 3 4 5 6 8 10 12 13 15 16 17 | 17.3
Dodging        | 2 4 5 6 |  6.0
Fighting       | 4 5 6 7 8 9 10 12 | 12.8
Armour         | 3 4 5 6 7 8 9 |  9.5
Stealth        | 1 3 4 5 |  5.3

Action                   |  1- 3 |  4- 6 |  7- 9 | 10-12 | 13-15 || total
-------------------------+-------+-------+-------+-------+-------++-------
Melee: Hand axe          |   168 |   155 |       |       |       ||   323
       War axe           |       |    35 |   223 |       |       ||   258
       Broad axe         |       |       |    37 |   462 |   104 ||   603
       Headbutt          |       |       |       |    45 |   105 ||   150
       Battleaxe         |       |       |       |       |   414 ||   414
Invok: Berserk           |       |     1 |     3 |     6 |     6 ||    16
       Brothers in Arms  |       |       |       |     2 |     3 ||     5
 Abil: Fly               |       |       |       |     1 |       ||     1
  Use: Scroll            |     5 |     8 |     9 |     9 |     9 ||    40
       Potion            |       |       |       |     5 |     3 ||     8
 Stab: Sleeping          |       |       |       |     2 |     9 ||    11
  Eat: Chunk             |     3 |     5 |    13 |    19 |    18 ||    58
       Ration            |       |       |       |     3 |     4 ||     7
Armor: Animal skin       |    61 |       |       |       |       ||    61
       Plate armour      |    27 |   172 |   240 |   224 |    25 ||   688
       Ring mail         |     4 |       |       |       |       ||     4
       Robe              |       |       |       |   135 |   125 ||   260
       Chain mail        |       |       |       |       |   109 ||   109
Dodge: Dodged            |   133 |    67 |   100 |   287 |   272 ||   859
Block: Other             |       |       |       |    12 |    49 ||    61
       Reflection        |       |       |       |       |     1 ||     1
